 Dungeon Crawl Stone Soup version 0.29.1-2-gbd0b4ee654 (webtiles) character file.

Game seed: 2212065263539224605

49 zeram the Shield-Bearer (level 3, 0/35 HPs)
             Began as a Gnoll Fighter on Nov 7, 2022.
             Slain by Crazy Yiuf
             ... wielding a +4 quarterstaff of chaos
              (6 damage)
             ... on level 2 of the Dungeon.
             The game lasted 00:02:50 (1871 turns).

zeram the Shield-Bearer (Gnoll Fighter)             Turns: 1871, Time: 00:02:51

Health: 0/35       AC:  9    Str: 15    XL:     3   Next: 77%
Magic:  4/4        EV:  9    Int:  9    God:
Gold:   96         SH:  5    Dex: 11    Spells: 4/4 levels left

rFire   . . .      SeeInvis .   a - +0 war axe
rCold   . . .      Faith    .   c - +0 buckler
rNeg    . . .      Spirit   .   b - +0 scale mail
rPois   .          Reflect  .   (no helmet)
rElec   .          Harm     .   l - +0 cloak
rCorr   .          Rampage  .   (no gloves)
Will    .....                   (no boots)
Stlth   ..........              (no amulet)
HPRegen 0.11/turn               (no ring)
MPRegen 0.09/turn               (no ring)

@: mighty
A: fangs 1, strong nose, distributed training
a: no special abilities


You were on level 2 of the Dungeon.
You visited 1 branch of the dungeon, and saw 2 of its levels.

You collected 96 gold pieces.

Inventory:

Hand Weapons
 a - a +0 war axe (weapon)
Armour
 b - a +0 scale mail (worn)
 c - a +0 buckler (worn)
 l - a +0 cloak (worn)
Jewellery
 h - a ring of ice
 i - an amulet of faith
Potions
 f - 2 potions of mutation {unknown}
 g - a potion of resistance {unknown}
 j - 2 potions of flight {unknown}
 k - a potion of curing {unknown}


   Skills:
 + Level 6.5 Fighting
 + Level 1.0 Short Blades
 + Level 1.0 Long Blades
 + Level 4.6 Axes
 + Level 1.0 Maces & Flails
 + Level 1.0 Polearms
 + Level 1.0 Staves
 + Level 1.0 Ranged Weapons
 + Level 1.0 Throwing
 + Level 6.5 Armour
 + Level 1.0 Dodging
 + Level 1.0 Stealth
 + Level 6.5 Shields
 + Level 1.0 Unarmed Combat
 + Level 1.0 Spellcasting
 + Level 0.7 Conjurations
 + Level 0.7 Hexes
 + Level 0.7 Summonings
 + Level 0.7 Necromancy
 + Level 0.7 Translocations
 + Level 0.7 Transmutations
 + Level 0.7 Fire Magic
 + Level 0.7 Ice Magic
 + Level 0.7 Air Magic
 + Level 0.7 Earth Magic
 + Level 0.7 Poison Magic
 + Level 1.0 Invocations
 + Level 1.0 Evocations


You had 4 spell levels left.
You didn't know any spells.
Your spell library contained the following spells:

 Spells                   Type           Power      Damage    Failure   Level
 Freezing Cloud           Conj/Ice/Air   0%         6-21      100%        5
 Simulacrum               Ice/Necr       0%         N/A       100%        6
 Polar Vortex             Ice            0%         N/A       100%        9


Dungeon Overview and Level Annotations

Branches:
Dungeon (2/15)

Altars:

Annotations:
D:2 Crazy Yiuf


Innate Abilities, Weirdness & Mutations

You have very sharp teeth.
Your uncanny sense of smell can sniff out nearby items.
Your experience applies equally to all skills.


Message History

There is a stone staircase leading up here.
Done exploring.
Done exploring.
Okay, then.
Search for what [? for help]? door Have to go through D:1.
Continue?
You climb upwards.
There is a stone staircase leading down here.
There is a stone staircase leading down here.
You climb downwards.
Level annotation: 1 runed translucent door, Crazy Yiuf
There is a stone staircase leading up here.
Crazy Yiuf shouts!
Crazy Yiuf says, "Hack bag forty-two!"
You open the door.
Crazy Yiuf zaps a wand.
The puff of flame hits you.
Crazy Yiuf whimpers, "Prologue shoe fast!"
Crazy Yiuf hits you with a +4 quarterstaff of chaos.
You are electrocuted!!
Ouch! That really hurt!
* * * LOW HITPOINT WARNING * * *
There is an open translucent door here.
You are too injured to fight recklessly!
You are too injured to fight recklessly!
As you read the scroll of fear, it crumbles to dust.
You assume a fearsome visage.
Crazy Yiuf looks frightened!
You aren't carrying any items that you can evoke.
You feel very mighty all of a sudden.
Crazy Yiuf gibbers meaninglessly.
Cornered, Crazy Yiuf turns to fight!
You hit Crazy Yiuf.
Crazy Yiuf is moderately wounded.
Crazy Yiuf zaps a wand.
The puff of flame hits you.
* * * LOW HITPOINT WARNING * * *
Unknown command.
You hit Crazy Yiuf. You bite Crazy Yiuf.
Crazy Yiuf is severely wounded.
You block Crazy Yiuf's attack.
Crazy Yiuf says, "Dawk return to song blue!"
Crazy Yiuf hits you with a +4 quarterstaff of chaos.
You die...

#.....##..
#.###.##..
#.# #..'..
#.######..
#.........
##########
#.....
#####
#.###.
#)g@# #.#
#. #...#
#.# #.
#...#
##### ###
## ##'##
#...# ♣.♣♣
#...# ♣♣.♣
#...# ♣.♣♣
#...# ##
♣♣.♣ #...#
#. ♣♣.♣♣
#...# #.


You could see Crazy Yiuf.

Vanquished Creatures
  A worm (D:2)
  2 dart slugs
  4 endoplasms
  A giant cockroach (D:1)
  3 goblins
  5 hobgoblins
  4 quokkas
  3 ball pythons
  5 bats
  2 frilled lizards
  6 kobolds
  5 rats
41 creatures vanquished.

Notes
Turn   | Place    | Note
-------+----------+-------------------------------------------
     0 | D:1      | zeram the Gnoll Fighter began the quest for the Orb.
     0 | D:1      | Reached XP level 1. HP: 23/23 MP: 1/1
    59 | D:1      | Reached XP level 2. HP: 25/29 MP: 2/2
   458 | D:1      | Reached XP level 3. HP: 32/35 MP: 3/3
   869 | D:2      | Reached skill level 1 in Invocations
  1214 | D:2      | Reached skill level 1 in Short Blades
  1214 | D:2      | Reached skill level 1 in Long Blades
  1214 | D:2      | Reached skill level 1 in Maces & Flails
  1214 | D:2      | Reached skill level 1 in Polearms
  1214 | D:2      | Reached skill level 1 in Staves
  1214 | D:2      | Reached skill level 1 in Ranged Weapons
  1214 | D:2      | Reached skill level 1 in Throwing
  1214 | D:2      | Reached skill level 1 in Dodging
  1214 | D:2      | Reached skill level 1 in Stealth
  1214 | D:2      | Reached skill level 1 in Unarmed Combat
  1214 | D:2      | Reached skill level 1 in Spellcasting
  1214 | D:2      | Reached skill level 1 in Evocations
  1231 | D:2      | Found a faded altar of an unknown god.
  1329 | D:2      | Found a runed translucent door.
  1330 | D:2      | Noticed Crazy Yiuf
  1871 | D:2      | Slain by Crazy Yiuf

Illustrated notes

Levels and vault maps discovered:
D:1:      saegor_arrival_simple_c, layout_loops_ring
D:2:      layout_basic, dreamdust_ecumenical_altar_angels_and_demons,
          minmay_tree_intersection, uniq_crazy_yiuf_cottage

Skill      XL: |  1  2  3 |
---------------+----------+-----
Invocations    | 1 |  1.0
Short Blades   | 1 |  1.0
Long Blades    | 1 |  1.0
Maces & Flails | 1 |  1.0
Polearms       | 1 |  1.0
Staves         | 1 |  1.0
Ranged Weapons | 1 |  1.0
Throwing       | 1 |  1.0
Dodging        | 1 |  1.0
Stealth        | 1 |  1.0
Unarmed Combat | 1 |  1.0
Spellcasting   | 1 |  1.0
Evocations     | 1 |  1.0
Fighting       | |  6.5
Axes           | |  4.6
Armour         | |  6.5
Shields        | |  6.5
Conjurations   | |  0.7
Hexes          | |  0.7
Summonings     | |  0.7
Necromancy     | |  0.7
Translocations | |  0.7
Transmutations | |  0.7
Fire Magic     | |  0.7
Ice Magic      | |  0.7
Air Magic      | |  0.7
Earth Magic    | |  0.7
Poison Magic   | |  0.7

Action                   || total
-------------------------++-------
Melee: War axe           ||    86
       Bite              ||     8
  Use: Scroll            ||     5
       Potion            ||     1
Armor: Scale mail        ||    32
Dodge: Dodged            ||    37
Block: Buckler           ||    26
